 Dungeon Crawl Stone Soup version 0.27-a0-200-g8ba017916c (webtiles) character file.

Game seed: 14819306660731475930

2378 ArcanElement the Righteous (level 9, -4/67 HPs)
             Began as a Human Fighter on Jan 29, 2021.
             Was a Follower of the Shining One.
             Slain by a wyvern zombie (8 damage)
             ... on level 7 of the Dungeon.
             The game lasted 00:20:07 (10979 turns).

ArcanElement the Righteous (Human Fighter)         Turns: 10979, Time: 00:20:07

Health: -4/67      AC:  3    Str: 19    XL:     9   Next: 73%
Magic:  14/14      EV:  9    Int:  6    God:    the Shining One [*.....]
Gold:   212        SH: 10    Dex: 14    Spells: 8/8 levels left

rFire    + . .     SeeInvis .   a - +1 long sword
rCold    x . .     Faith    .   c - +0 kite shield
rNeg     . . .     Spirit   .   r - +0 scale mail (curse)
rPois    .         Reflect  .   (helmet restricted)
rElec    .         Harm     .   g - scarf {shadows}
rCorr    .         Rampage  .   (no gloves)
Will     +....                  (no boots)
Stlth    ..........             (no amulet)
HPRegen  0.21/turn              i - -4 ring of protection (curse)
MPRegen  0.14/turn              q - ring of fire

@: glowing
A: antennae 1, blink, dopey 1, strong-willed 1
a: Blink, Renounce Religion


You were on level 7 of the Dungeon.
You worshipped the Shining One.
The Shining One was aware of your devotion.
You visited 2 branches of the dungeon, and saw 8 of its levels.

You collected 380 gold pieces.
You spent 168 gold pieces at shops.

Inventory:

Hand Weapons
 a - a +1 long sword (weapon)
 k - the +4 dagger "Xeutaij" {vamp, Str+2}
   (You found it on level 5 of the Dungeon)

   It inflicts no extra harm, but heals its wielder when it wounds a living foe.
   It affects your strength (+2).
   The Shining One disapproves of the use of such an item.
Missiles
 f - 2 boomerangs (quivered)
Armour
 b - a +0 scale mail
 c - a +0 kite shield (worn)
 g - a scarf of shadows (worn)
 r - a cursed +0 scale mail (worn)
 s - a +0 ring mail
 t - a scarf of harm
Jewellery
 i - a cursed -4 ring of protection (left hand)
 q - a ring of fire (right hand)
Scrolls
 h - 2 scrolls of teleportation
 j - 2 scrolls of blinking
 n - a scroll of enchant weapon
 o - a scroll of acquirement {unknown}
 p - 2 scrolls of fog {unknown}
 u - a scroll of remove curse
Potions
 e - 2 potions of attraction
 l - a potion of brilliance
 m - a potion of berserk rage
 v - a potion of degeneration {unknown}


   Skills:
 - Level 4.8 Fighting
 + Level 6.4 Long Blades
 - Level 3.3 Throwing
 - Level 4.8 Armour
 - Level 3.4 Dodging
 - Level 4.8 Shields
 + Level 7.2 Invocations


You had 8 spell levels left.
You didn't know any spells.
Your spell library contained the following spells:

 Spells                   Type           Power        Failure   Level
 Magic Dart               Conj           0%           99%         1
 Blink                    Tloc           N/A          100%        2
 Call Imp                 Summ           0%           100%        2
 Slow                     Hex            0%           100%        2
 Conjure Flame            Conj/Fire      0%           100%        3
 Mephitic Cloud           Conj/Pois/Air  0%           100%        3


Dungeon Overview and Level Annotations

Branches:
Dungeon (7/15)             Temple (1/1) D:6

Altars:
Ashenzari
Cheibriados
Dithmenos
Elyvilon
Fedhas
Gozag
Kikubaaqudgha
Nemelex Xobeh
Okawaru
Qazlal
Uskayaw
Vehumet
Wu Jian
Xom
Zin
The Shining One

Shops:
D:4 *   D:5 [

Annotations:
D:6 1 runed translucent door, SkeletonJelly's ghost, novice MfIE


Innate Abilities, Weirdness & Mutations

You have a pair of small antennae on your head.
You can translocate small distances at will.
You are dopey. (Int -2)
You are strong-willed. (Will+)


Message History

The wyvern zombie is heavily damaged.
You block the wyvern zombie's attack.
You slash the wyvern zombie!
The wyvern zombie is severely damaged.
You block the wyvern zombie's attack. The wyvern zombie closely misses you.
You hit the wyvern zombie.
The wyvern zombie is almost destroyed.
You block the wyvern zombie's attack. The wyvern zombie bites you.
You hit the wyvern zombie but do no damage.
The wyvern zombie is almost destroyed.
The wyvern zombie bites you!
* * * LOW HITPOINT WARNING * * *
You block the wyvern zombie's attack.
You feel better. The wyvern zombie bites you!
* * * LOW HITPOINT WARNING * * *
A wyvern zombie is nearby!
You hit the wyvern zombie.
The wyvern zombie is almost destroyed.
The wyvern zombie bites you!
You die...

#..............#
#..†...........#
#...###........##
#..{ ##......÷.#
#. ..{#....#.###
#. ...#....#.# #
..####..##
#...##.# #..Z.#@#
#$...#Z# ##.....#
###...# #......##
........#
..#.##### . ##


You could see a wyvern zombie.

Vanquished Creatures
  Duvessa (D:6)
  A sky beast (D:6)
  A black bear (D:7)
  2 ice beasts
  A necrophage (D:6)
  6 ogres
  Blork the orc (D:6)
  3 bullfrogs (D:6)
  Dowan (D:6)
  3 scorpions
  A howler monkey (D:7)
  A quasit (D:7)
  A gnoll shaman (D:5)
  2 hounds
  A jelly (D:7)
  2 orc priests
  A bullfrog skeleton (D:5)
  4 orc wizards
  8 worker ants
  A hound skeleton (D:4)
  A worker ant zombie (D:7)
  8 gnolls
  5 adders
  A shadow imp (D:6)
  2 white imps
  2 ufetubi
  An ooze (D:2)
  2 worms (D:2)
  An adder skeleton (D:5)
  3 dart slugs
  7 leopard geckos
  13 orcs
  3 giant cockroaches
  8 goblins
  12 hobgoblins
  6 jackals
  9 kobolds
  2 quokkas
  6 bats
  3 frilled lizards
  2 quokka skeletons
  A quokka zombie (D:7)
  9 rats
149 creatures vanquished.

Notes
Turn   | Place    | Note
-------+----------+-------------------------------------------
     0 | D:1      | ArcanElement the Human Fighter began the quest for the Orb.
     0 | D:1      | Reached XP level 1. HP: 18/18 MP: 1/1
   145 | D:1      | Reached XP level 2. HP: 24/24 MP: 2/2
   672 | D:1      | Reached XP level 3. HP: 29/29 MP: 3/3
  1274 | D:2      | Reached skill level 1 in Dodging
  1529 | D:2      | Reached skill level 1 in Throwing
  1529 | D:2      | Reached XP level 4. HP: 18/35 MP: 4/4
  2842 | D:3      | Reached XP level 5. HP: 22/41 MP: 5/5
  3804 | D:4      | Reached XP level 6. HP: 38/48 MP: 6/6
  4009 | D:4      | Found Putt's Assorted Antiques.
  4600 | D:4      | Noticed an ogre
  4615 | D:4      | Killed an ogre
  5180 | D:4      | Bought an embroidered scarf for 168 gold pieces
  5246 | D:5      | Entered Level 5 of the Dungeon
  5247 | D:5      | Found a blossoming altar of Fedhas.
  5251 | D:5      | Reached XP level 7. HP: 54/54 MP: 7/7
  5322 | D:5      | Gained mutation: You are dopey. (Int -2) [potion of
                  | mutation]
  5322 | D:5      | Gained mutation: You can translocate small distances at
                  | will. [potion of mutation]
  5322 | D:5      | Gained mutation: You have a pair of small antennae on your
                  | head. [potion of mutation]
  5322 | D:5      | Gained mutation: You are strong-willed. (Will+) [potion of
                  | mutation]
  6107 | D:5      | Found Ciwuvvet's Armour Shop.
  6785 | D:5      | Reached XP level 8. HP: 25/61 MP: 8/8
  7007 | D:5      | Noticed an air elemental
  7008 | D:5      | Found a stormy altar of Qazlal.
  7010 | D:5      | Noticed a water elemental
  7011 | D:5      | Noticed a fire elemental
  7133 | D:5      | Got a twisted dagger
  7134 | D:5      | Identified the +4 dagger "Xeutaij" {vamp, Str+2} (You found
                  | it on level 5 of the Dungeon)
  7181 | D:6      | Noticed Blork the orc
  7193 | D:6      | Killed Blork the orc
  7466 | D:6      | Found a staircase to the Ecumenical Temple.
  7480 | Temple   | Entered the Ecumenical Temple
  7844 | Temple   | Became a worshipper of the Shining One
  8192 | D:6      | Reached skill level 1 in Invocations
  8227 | D:6      | Reached skill level 2 in Invocations
  8301 | D:6      | Reached skill level 3 in Invocations
  8640 | D:6      | Reached skill level 4 in Invocations
  8672 | D:6      | Noticed Duvessa
  8672 | D:6      | Noticed Dowan
  8695 | D:6      | Killed Duvessa
  8696 | D:6      | Reached skill level 5 in Invocations
  8696 | D:6      | Reached XP level 9. HP: 38/67 MP: 12/12
  8701 | D:6      | Killed Dowan
  9300 | D:6      | Reached skill level 5 in Long Blades
  9427 | D:6      | Found a runed translucent door.
  9427 | D:6      | Found a shimmering altar of Xom.
  9427 | D:6      | Noticed a +2 hand axe of chaos
  9427 | D:6      | Noticed SkeletonJelly's ghost (novice MfIE)
  9490 | D:6      | Reached skill level 6 in Invocations
  9805 | D:6      | Found a white marble altar of Elyvilon.
 10197 | D:7      | Reached * piety under the Shining One
 10590 | D:7      | Identified the +4 ring mail of Ygenwevu {+Fly rPois rF-
                  | Will+++}
 10748 | D:7      | Reached skill level 7 in Invocations
 10979 | D:7      | Slain by a wyvern zombie

Illustrated notes

Levels and vault maps discovered:
D:1:      roderic_crossed_star, layout_loops_ring, serial_forest,
          infiniplex_forest_lined_4_way, infiniplex_forest_clump_long,
          infiniplex_forest_lined_room_2, infiniplex_forest_corner_1,
          infiniplex_forest_straight_3, infiniplex_forest_clump_double,
          infiniplex_forest_clump_curved, infiniplex_forest_clump_large
D:2:      layout_loops_cross, minmay_tripent
D:3:      layout_loops_corners
D:4:      layout_loops_corners, serial_shops, kennysheep_mini
D:5:      layout_rooms, nicolae_qazlal_style_of_elements, serial_shops, shop,
          fedhas_altar_2
D:6:      kennysheep_spiral_hall, layout_basic, minmay_temple_entry_large_hall,
          ebering_ghost_xom, basic_altar, uniq_blork_the_orc, uniq_duvessa
D:7:      wad_river_or_something, layout_cave_pools,
          nicolae_overflow_hidden_temple, kennysheep_mini_moat, minmay_bent
Temple:   dshaligram_water_room_temple

Skill      XL: |  1  2  3  4  5  6  7  8  9 |
---------------+----------------------------+-----
Dodging        | 1 2 3 |  3.4
Throwing       | 1 2 3 |  3.3
Long Blades    | 3 4 6 |  6.4
Fighting       | 4 |  4.8
Armour         | 4 |  4.8
Shields        | 4 |  4.8
Invocations    | 5 7 |  7.2

Action                   |  1- 3 |  4- 6 |  7- 9 || total
-------------------------+-------+-------+-------++-------
Melee: Long sword        |   138 |   185 |   295 ||   618
       Dagger            |       |       |    49 ||    49
Throw: Boomerang         |       |       |     2 ||     2
 Abil: Blink             |       |       |     2 ||     2
  Use: Potion            |     2 |     3 |    12 ||    17
       Scroll            |       |     5 |     7 ||    12
Armor: Scale mail        |    70 |    86 |    67 ||   223
Dodge: Dodged            |    48 |    67 |   162 ||   277
Block: Kite shield       |    72 |    92 |   210 ||   374
       Rpst.: Long sword |    17 |    30 |    43 ||    90

Table legend: (Time is in decaauts)
 A = Elapsed time spent in this place.
 B = Non-inter-level travel time spent in this place.
 C = Inter-level travel time spent in this place.
 D = Time resting spent in this place.
 E = Time spent auto-exploring this place.
 F = Levels seen in this place.
 G = Mean time per level.
                   A        B        C        D        E       F      G
               +--------+--------+--------+--------+--------+-----+--------+
         Total |  11261 |  10767 |    494 |   4773 |   4169 |   8 | 1407.6 |
       Dungeon |  10882 |  10400 |    482 |   4514 |   4084 |   7 | 1554.6 |
        Temple |    378 |    366 |     12 |    259 |     85 |   1 |  378.0 |
               +--------+--------+--------+--------+--------+-----+--------+

Top non-repeatable levels by time:
     D:6: 2829 daAuts
     D:4: 2443 daAuts
     D:2: 1335 daAuts
     D:5: 1259 daAuts
     D:3: 1232 daAuts
     D:1: 1108 daAuts
     D:7: 674 daAuts
  Temple: 378 daAuts
